Map: Tête de pont EC (Void)

Players

Smurf - Winner!

  • Race: Zerg Zerg
  • League: Silver

VOD

Have the link to the VOD?

Description

Time

  • Played on: July 30, 2015, 6:20 a.m.
  • Length: 9:10
Show
View Real Time Build Order
Export as new Build Order

Smurf Zerg - Winner!

Build Orders: Hatch First 

Get SALT Encoding   

  12  0:04  Drone  
  12  0:13  Overlord  
  12  0:18  Drone  
  12  0:31  Drone x2  
  12  0:37  Drone  
  12  0:54  Hatchery  
  12  0:56  Drone  
  12  1:10  Spawning Pool  
  12  1:12  Drone  
  12  1:15  Extractor  
  12  1:17  Drone  
  12  1:20  Drone  
  12  1:30  Drone  
  12  1:40  Overlord  
  12  1:52  Drone  
  12  1:57  Queen  
  12  2:06  Queen  
  12  2:07  Drone  
  12  2:08  Drone  
  12  2:13  Zergling x2  
  12  2:18  Metabolic Boost, Zergling x2  
  12  2:25  Drone  
  12  2:28  Drone  
  12  2:36  Overlord  
  12  2:39  Drone  
  12  2:47  Drone  
  12  2:49  Drone  
  12  2:58  Drone  
  12  3:00  Hatchery, Drone  
  12  3:05  Lair  
  12  3:13  Roach Warren  
  12  3:17  Drone x2  
  12  3:23  Extractor  
  12  3:24  Extractor  
  12  3:27  Drone  
  12  3:28  Drone x2  
  12  3:32  Drone  
  12  3:33  Drone x2  
  12  3:45  Drone  
  12  3:46  Drone x4  
  12  3:49  Overlord  
  12  4:13  Drone x3  
  12  4:20  Queen  
  12  4:21  Overlord x2  
  12  4:27  Drone  
  12  4:28  Hydralisk Den  
  12  4:32  Evolution Chamber, Drone x2  
  12  4:34  Evolution Chamber  
  12  4:38  Drone x4  
  12  4:39  Drone x3  
  12  4:54  Drone  
  12  4:56  Infestation Pit  
  12  4:58  Glial Reconstitution  
  12  5:01  Muscular Augments  
  12  5:07  Drone x3  
  12  5:08  Drone x6  
  12  5:12  Extractor  
  12  5:13  Extractor  
  12  5:16  Drone x4  
  12  5:21  Drone x4  
  12  5:24  Drone  
  12  5:38  Overlord x3  
  12  5:39  Overlord x3  
  12  5:43  Overseer  
  12  5:44  Overseer  
  12  5:45  Overseer  
  12  5:56  Drone x2  
  12  5:57  Drone, Extractor  
  12  5:59  Drone  
  12  6:02  Lurker Den  
  12  6:03  Zerg Missile Weapons Level 1, Zerg Ground Armor Level 1  
  12  6:10  Roach x3  
  12  6:11  Roach x6  
  12  6:12  Roach  
  12  6:23  Overlord x2  
  12  6:31  Hydralisk x5  
  12  6:32  Hydralisk  
  12  6:43  Roach x5  
  12  6:44  Roach  
  12  6:47  Hydralisk x2  
  12  6:50  Zergling x8  
  12  6:57  Tunneling Claws  
  12  7:02  Burrow, Pneumatized Carapace  
  12  7:08  Roach  
  12  7:09  Roach x4  
  12  7:16  Overlord x2  
  12  7:17  Overlord  
  12  7:31  Overlord  
  12  7:32  Overlord x5  
  12  7:37  Roach  
  12  7:38  Roach x5, Zergling x2  
  12  7:52  Hydralisk x4  
  12  7:53  Zergling x2  
  12  7:54  Roach, Zergling x6  
  12  8:10  Roach x5  
  12  8:17  Roach x3  
  12  8:18  Roach  
  12  8:30  Hydralisk x6  
  12  8:32  Roach  
  12  8:33  Zergling x2  
  12  8:36  Zergling x2  
  12  8:37  Zergling x4  
  12  9:03  Hatchery  
Tags
 
Add a new tag
Caveats
  • Supply blocks, unpowered buildings, or Contaminate may cause inaccurate times.
  • Supply counts are checked every 10 seconds.